 Dungeon Crawl Stone Soup version 0.22-a0-880-gb7b0c8b (webtiles) character file.

46 SatoriKomeiji the Scratcher (level 3, 0/16 HPs)
             Began as a Felid Transmuter on July 31, 2018.
             Shot with a stone by a goblin (9 damage)
             ... on level 2 of the Dungeon.
             The game lasted 00:04:41 (2109 turns).

SatoriKomeiji the Scratcher (Felid Transmuter)      Turns: 2109, Time: 00:04:42

Health: 0/16       AC:  1    Str:  7    XL:     3   Next: 46%
Magic:  4/7        EV: 18    Int: 14    God:
Gold:   62         SH:  0    Dex: 16    Spells: 4/7 levels left
                                        Lives:  0   Deaths: 0

rFire    . . .     SeeInvis +     - Unarmed
rCold    . . .     Gourm    .   (shield unavailable)
rNeg     . . .     Faith    .   (armour unavailable)
rPois    .         Spirit   .   (helmet unavailable)
rElec    .         Reflect  .   (cloak unavailable)
rCorr    .         Harm     .   (gloves unavailable)
MR       .....                  (boots unavailable)
Stlth    ++........             (no amulet)
HPRegen  0.05/turn              (no ring)
MPRegen  0.10/turn              (no ring)

@: lethally poisoned (0 -> -5), appendage, quick
A: very small, no armour, no weapons or thrown items, stealth, claws 1, fangs 3,
horns 2, see invisible, carnivore, speed 1, shaggy fur 1, slow metabolism 1,
sharp paws
a: End Transformation


You were on level 2 of the Dungeon.
You were completely stuffed.
You had grown temporary horns.
You visited 1 branch of the dungeon, and saw 2 of its levels.

You collected 62 gold pieces.

Inventory:

Missiles
 a - 26 arrows
Scrolls
 b - 2 scrolls of teleportation {unknown}
 d - 3 scrolls of remove curse {unknown}
Potions
 e - a potion of curing {unknown}
 f - a potion of agility {unknown}
Comestibles
 c - 4 rations
 g - 3 chunks of flesh


   Skills:
 + Level 2.0 Fighting
 - Level 3.0 Dodging
 - Level 3.0 Unarmed Combat
 + Level 2.5 Spellcasting
 + Level 3.0 Transmutations


You had 4 spell levels left.
You knew the following spells:

 Your Spells              Type           Power        Failure   Level  Hunger
a - Beastly Appendage     Tmut           ##....       7%          1    #......
b - Sticks to Snakes      Tmut           ##......     10%         2    ###....

Your spell library contained the following spells:

 Spells                   Type           Power        Failure   Level  Hunger
 Spider Form              Tmut/Pois      #.........   36%         3    ###....
 Blade Hands              Tmut           ##........   88%         5    ######.
 Ice Form                 Ice/Tmut       #.......     77%         4    #####..


Dungeon Overview and Level Annotations

Branches:
Dungeon (2/15)

Altars:


Innate Abilities, Weirdness & Mutations

You cannot wear armour.
You are incapable of wielding weapons or throwing items.
Your paws allow you to move quietly. (Stealth)
You have sharp claws.
You have razor-sharp teeth.
You have supernaturally acute eyesight. (SInv)
You are carnivorous and can eat meat at any time.
You cover ground quickly.
You are covered in fur. (AC +1)
You have a slow metabolism.
Your sharp claws are effective at attacking unaware monsters.
You have a pair of horns on your head.


Message History

You scratch the adder.
The adder is almost dead.
The adder bites you.
You are poisoned.
The adder poisons you!
You miss the adder. You bite the adder, but do no damage.
The adder is almost dead.
You feel sick. The adder completely misses you.
You claw the adder!
You kill the adder!
Your Fighting skill increases to level 2!
Your Transmutations skill increases to level 3!
The goblin shoots a stone.
The stone closely misses you.
You feel sick.
Casting: Sticks to Snakes (safe; 10% risk of failure)
Confirm with . or Enter, or press ? or * to list all spells.
You grow a pair of large bovine horns.
The goblin shoots a stone.
The stone hits you!
Ouch! That really hurt!
You die...

# # # # ########
######### ........
........# ........
#.....######## ........
#.#.....##.....#
......##.#.#....@##.....#
.....<##.#.#.#..((g(....+
......##.PPP.#.####(....#
......≈≈≈≈≈P.#.# #......+
.###P≈≈≈♣♣P≈≈..# #......#
.# #.P≈≈♣♣♣≈PP.# #..[...#
.# #.P≈♣♣ ♣≈≈..# #......#
.# #.P≈≈♣ ♣♣P.P# #......#
.###..PP♣♣♣♣≈.≈# #......#


You could see a goblin.

Vanquished Creatures
  An adder (D:2)
  A dart slug (D:2)
  5 bats
  A giant cockroach (D:1)
  2 goblins
  5 hobgoblins (D:1)
  3 jackals (D:1)
  3 frilled lizards (D:1)
  4 kobolds
  4 rats
29 creatures vanquished.

Vanquished Creatures (collateral kills)
  A worm (D:2)
  A giant cockroach (D:2)
2 creatures vanquished.

Grand Total: 31 creatures vanquished

Notes
Turn   | Place    | Note
-------+----------+-------------------------------------------
     0 | D:1      | SatoriKomeiji the Felid Transmuter began the quest for the Orb.
     0 | D:1      | Reached XP level 1. HP: 9/9 MP: 4/4
   711 | D:1      | Reached XP level 2. HP: 6/12 MP: 4/6
   739 | D:1      | Learned a level 2 spell: Sticks to Snakes
  1926 | D:2      | Reached XP level 3. HP: 13/16 MP: 7/7
  2109 | D:2      | Shot with a stone by a goblin

Vault maps used:
D:1:      giann_forest_graveyard
D:2:      kb_forest_paths, nicolae_overflow_hidden_temple, first_ration,
          serial_bayou_pond_c

Skill      XL: |  1  2  3 |
---------------+----------+-----
Dodging        | 3 |  3.0
Fighting       | 2 |  2.0
Transmutations | 3 |  3.0
Unarmed Combat | |  3.0
Spellcasting   | |  2.5

Action                   || total
-------------------------++-------
Melee: Unarmed           ||    98
       Bite              ||    14
       Headbutt          ||     3
       Punch             ||     1
 Cast: Beastly Appendage ||    10
       Sticks to Snakes  ||     4
 Stab: Sleeping          ||     2
  Eat: Chunk             ||    10
Armor: Skin              ||     5
Dodge: Dodged            ||    79

Table legend:
 A = Spawn XP
 B = Non-spawn XP
 C = Spawn XP percentage of total XP
 D = Spawn monster count
 E = Non-spawn monster count
 F = Spawn count percentage of total count
 G = Total turns spent on level
                    A         B        C        D         E        F      G
               +---------+---------+-------+---------+---------+-------+---------
         Total |       0 |      67 |   0.0 |       0 |      31 |   0.0 |  2109
               +---------+---------+-------+---------+---------+-------+---------
           D:1 |       0 |      37 |   0.0 |       0 |      23 |   0.0 |  1848
           D:2 |       0 |      30 |   0.0 |       0 |       8 |   0.0 |   261
               +---------+---------+-------+---------+---------+-------+---------
